AoeStats
← Rashad

Golden Pit

509626208Analyzed
1v1 RM · 4d ago on Sep 27, 2026· 50m 25s· 2 players
Game mode
Random Map
Map size
Tiny (2 player)
Population
200
Speed
Normal
Resources
Standard
Victory
Conquest
Starting age
Dark Age
Ending age
Imperial Age
RankedLock teamsTeams togetherTeam positionsShared explorationLock speedFull tech treeHidden civsTurbo modeCheats
Victory
Defeat
🇺🇸 Jurchens · United States
668
+14
🇳🇱 Tatars · Netherlands
627
-14
Rashad
4:37 Loom
10:39 Feudal Age
11:17 Double-Bit Axe
13:07 Wheelbarrow
13:54 Town Watch
15:43 Horse Collar
16:21 Forging
16:18 Gold Mining
22:54 Stone Mining
25:08 Castle Age
26:05 Bow Saw
29:14 Husbandry
30:00 Town Patrol
29:56 Fletching
32:49 Gold Shaft Mining
34:24 Hand Cart
33:46 Light Cavalry
34:37 Bloodlines
38:18 Imperial Age
37:07 Ballistics
37:06 Scale Barding Armor
39:12 Iron Casting
38:34 Bodkin Arrow
42:33 Chain Barding Armor
42:50 Heavy Cavalry Archer
47:23 Conscription
phalanx8710
1:17 Loom
13:05 Feudal Age
14:02 Gold Mining
14:01 Double-Bit Axe
14:14 Horse Collar
15:21 Town Watch
18:04 Wheelbarrow
25:25 Castle Age
23:49 Fletching
23:59 Scale Mail Armor
24:49 Scale Mail Armor
25:40 Padded Archer Armor
26:12 Bloodlines
26:49 Heavy Plow
27:03 Bow Saw
26:59 Stone Mining
26:52 Pikeman
27:42 Squires
28:18 Forging
28:12 Elite Skirmisher
28:14 Crossbowman
29:23 Leather Archer Armor
30:46 Bodkin Arrow
33:40 Scale Barding Armor
34:53 Sanctity
34:44 Fervor
35:00 Hand Cart
36:21 Gold Shaft Mining
36:17 Chain Mail Armor
36:35 Masonry
38:17 Devotion
38:59 Iron Casting
40:20 Siege Engineers
43:14 Imperial Age
41:22 Fortified Bastions
41:44 Ballistics
44:35 Capped Ram
45:19 Arson
45:34 Treadmill Crane
46:55 Chemistry
47:37 Conscription
48:44 Architecture
49:09 Stone Shaft Mining
48:46 Bracer
49:16 Ring Archer Armor
48:54 Halberdier
Connection lost

Rejoining the realm…

Still unreachable

The connection could not be restored.

Session expired

The server has moved on; the page needs a fresh start.